 Dungeon Crawl Stone Soup version 0.23.2-1-ga50397a6bc (webtiles) character file.

Game seed: 14245880578345055971

212 Mrkan the Archer (level 5, 0/46 HPs)
             Began as a Centaur Hunter on May 18, 2019.
             Was an Initiate of Trog.
             Slain by a bullfrog (5 damage)
             ... on level 3 of the Dungeon.
             The game lasted 00:06:12 (3118 turns).

Mrkan the Archer (Centaur Hunter)                   Turns: 3118, Time: 00:06:12

Health: 0/46       AC:  8    Str: 15    XL:     5   Next: 58%
Magic:  5/5        EV:  7    Int: 10    God:    Trog [......]
Gold:   125        SH:  0    Dex: 10    Spells: 4/4 levels left

rFire    . . .     SeeInvis .   a - +1 shortbow
rCold    . . .     Gourm    .   (shield currently unavailable)
rNeg     . . .     Faith    .   c - +0 leather armour
rPois    .         Spirit   .   (no helmet)
rElec    .         Reflect  .   (no cloak)
rCorr    .         Harm     .   (no gloves)
MR       .....                  m - +0 centaur barding (curse)
Stlth    +.........             (no amulet)
HPRegen  0.15/turn              (no ring)
MPRegen  0.09/turn              (no ring)

@: very quick
A: large, hooves 3, deformed body, speed 2, tough skin 3
a: Renounce Religion


You were on level 3 of the Dungeon.
You worshipped Trog.
Trog was noncommittal.
You were not hungry.

You visited 1 branch of the dungeon, and saw 4 of its levels.

You collected 125 gold pieces.

Inventory:

Hand Weapons
 a - a +1 shortbow (weapon)
 b - a +0 short sword
 s - a +0 halberd
Missiles
 d - 52 arrows (quivered)
Armour
 c - a +0 leather armour (worn)
 m - a cursed +0 centaur barding (worn)
Jewellery
 l - an uncursed amulet of the acrobat {unknown}
Scrolls
 g - 2 scrolls of identify {unknown}
 h - a scroll of magic mapping {unknown}
 i - 2 scrolls of amnesia {unknown}
 o - a scroll of enchant weapon {unknown}
 r - 2 scrolls of remove curse {unknown}
 t - a scroll of random uselessness {unknown}
 u - a scroll of enchant armour {unknown}
Potions
 e - 2 potions of heal wounds {unknown}
 j - 2 potions of degeneration {unknown}
 k - 4 potions of lignification {unknown}
 n - 3 potions of curing {unknown}
 p - a potion of brilliance {unknown}
 q - a potion of haste {unknown}
Comestibles
 f - 5 rations


   Skills:
 + Level 3.7 Fighting
 * Level 8.1 Bows
 - Level 1.3 Dodging
 - Level 0.4 Stealth


You had 4 spell levels left.
You didn't know any spells.
Your spell library was empty.

Dungeon Overview and Level Annotations

Branches:
Dungeon (4/15)
 Temple: D:4-7

Altars:
Elyvilon
Hepliaklqana
Makhleb
Nemelex Xobeh
Ru
Trog
Vehumet
Wu Jian
Yredelemnul


Innate Abilities, Weirdness & Mutations

You have hooves in place of feet.
Armour fits poorly on your strangely shaped body.
You cover ground very quickly.
You have extremely tough skin. (AC +3)


Message History

The ogre hits you with a +0 giant spiked club!!
Ouch! That really hurt!
There is a stone staircase leading up here.
The howler monkey hits you but does no damage.
The adder skeleton bites you.
The bullfrog hits you but does no damage.
There is a stone staircase leading up here.
The bullfrog hits you. The ogre hits you but does no damage.
The howler monkey hits you.
* * * LOW HITPOINT WARNING * * *
The bullfrog hits you but does no damage.
You climb upwards.
There is a stone staircase leading down here.
The howler monkey hits you.
* * * LOW HITPOINT WARNING * * *
The ogre hits you with a +0 giant spiked club!
* * * LOW HITPOINT WARNING * * *
The howler monkey hoots and howls with incredible vigour!
The bullfrog hits you.
You die...

..# #......#.# #.##.# #.#(# ..#
#..._..#O# #....# #.#(# ..#
##._8_.#.######## #.#(# ..#
#.._...h....# #.#.#
##########...........# #.#(.
........###..........########.#.#
#######..####.....###............
##.# #...F.# #...........# #.##
#...@.# #...........#
###..###.....# #...).......#
#............# #............
#............# #..........##
#............# #..........#
#.......###'## #..........#
#.......# #.# #..........#
######..# #.# #..........#
##.###.# #..........#


You could see an ogre, a bullfrog and a howler monkey.

Vanquished Creatures
  Natasha (thrice) (D:3)
  3 gnolls (D:3)
  4 adders
  2 dart slugs (D:2)
  A leopard gecko (D:1)
  7 orcs (D:3)
  6 bats
  7 giant cockroaches
  6 goblins
  7 hobgoblins
  A quokka (D:2)
  A ball python (D:4)
  5 frilled lizards
  11 kobolds
  2 rats
66 creatures vanquished.

Notes
Turn   | Place    | Note
-------+----------+-------------------------------------------
     0 | D:1      | Mrkan the Centaur Hunter began the quest for the Orb.
     0 | D:1      | Reached XP level 1. HP: 17/17 MP: 1/1
   172 | D:1      | Reached XP level 2. HP: 19/24 MP: 2/2
   592 | D:1      | Reached skill level 6 in Bows
  1027 | D:2      | Reached XP level 3. HP: 21/30 MP: 3/3
  1297 | D:2      | Found a sacrificial altar of Ru.
  1302 | D:2      | Found an ornate altar of the Wu Jian Council.
  1305 | D:2      | Found a white marble altar of Elyvilon.
  1771 | D:2      | Found a burning altar of Makhleb.
  1772 | D:2      | Found a radiant altar of Vehumet.
  2008 | D:3      | Reached XP level 4. HP: 38/38 MP: 4/4
  2011 | D:3      | Reached skill level 7 in Bows
  2093 | D:3      | Found a sparkling altar of Nemelex Xobeh.
  2110 | D:3      | Found a white marble altar of Elyvilon.
  2123 | D:3      | Found a hazy altar of Hepliaklqana.
  2123 | D:3      | Found a basalt altar of Yredelemnul.
  2124 | D:3      | Found a bloodstained altar of Trog.
  2140 | D:3      | Noticed Natasha
  2154 | D:3      | Killed Natasha
  2180 | D:3      | Reached XP level 5. HP: 34/45 MP: 5/5
  2408 | D:3      | Noticed Natasha
  2707 | D:3      | Killed Natasha
  2937 | D:3      | Noticed Natasha
  2940 | D:3      | Killed Natasha
  2940 | D:3      | Reached skill level 8 in Bows
  3054 | D:3      | Became a worshipper of Trog the Wrathful
  3067 | D:4      | Noticed an ogre
  3118 | D:3      | Slain by a bullfrog

Skill      XL: |  1  2  3  4  5 |
---------------+----------------+-----
Bows           | 6 7 8 |  8.1
Fighting       | 3 |  3.7
Dodging        | |  1.3
Stealth        | |  0.4

Action                   |  1- 3 |  4- 6 || total
-------------------------+-------+-------++-------
Melee: Short sword       |   129 |       ||   129
       Kick              |    23 |    13 ||    36
       Halberd           |       |    84 ||    84
 Fire: Shortbow          |    18 |    14 ||    32
  Eat: Chunk             |     2 |       ||     2
       Ration            |       |     1 ||     1
Armor: Leather armour    |    74 |    71 ||   145
Dodge: Dodged            |    48 |    40 ||    88
